 Dungeon Crawl Stone Soup version 0.19.1 (webtiles) character file.

1330 Mefis the Magician (level 8, -9/44 HPs)
             Began as a Deep Elf Wizard on Dec 4, 2016.
             Shot with an arrow by a centaur (14 damage)
             ... on level 6 of the Dungeon.
             The game lasted 00:35:04 (8228 turns).

Mefis the Magician (Deep Elf Wizard)                Turns: 8228, Time: 00:35:05

Health: -9/44      AC:  4    Str:  4    XL:     8   Next: 34%
Magic:  4/21       EV: 14    Int: 26    God:
Gold:   93         SH:  0    Dex: 13    Spells: 8 memorised, 2 levels left

rFire  . . .     SeeInvis .     u - +0 shortbow
rCold  . . .     Gourm    .     z - +0 robe
rNeg   + . .     Faith    +     (shield currently unavailable)
rPois  .         Spirit   .     y - +0 helmet
rElec  .         Reflect  .     (no cloak)
rCorr  .         Harm     .     w - +0 pair of gloves
MR     +....                    (no boots)
Stlth  +++.......               E - amulet of Xutybbof {Faith rN+ MR+}
                                (no ring)
                                (no ring)

@: very slightly contaminated
A: no striking features
a: no special abilities


You were on level 6 of the Dungeon.
You were not hungry.

You visited 1 branch of the dungeon, and saw 6 of its levels.

You collected 213 gold pieces.
You spent 120 gold pieces at shops.

Inventory:

Hand Weapons
 a - a +0 short sword of holy wrath
 b - a -3 mace of draining
 u - a +0 shortbow (weapon)
Missiles
 m - 51 bolts
 n - 15 sling bullets
 A - 6 arrows (quivered)
 B - 18 poisoned needles
Armour
 w - a +0 pair of gloves (worn)
 y - a +0 helmet (worn)
 z - a +0 robe (worn)
 H - a +0 hat
Jewellery
 j - an uncursed amulet of the gourmand
 E - the amulet of Xutybbof (around neck) {Faith rN+ MR+}
   (You bought it in a shop on level 4 of the Dungeon)

   [amulet of faith]

   It allows you to gain divine favour quickly.
   It protects you from negative energy.
   It affects your resistance to hostile enchantments.
Wands
 v - a wand of teleportation (4/9)
 F - a wand of paralysis (11/24)
 G - a wand of confusion (18/48)
Scrolls
 e - 2 scrolls of amnesia
 g - a scroll of magic mapping {unknown}
 i - a scroll of enchant weapon {unknown}
 q - a scroll of noise
 r - a scroll of recharging
 D - 2 scrolls of teleportation {unknown}
Potions
 k - 5 potions of curing
 l - 3 potions of agility {unknown}
 p - a potion of cure mutation {unknown}
 t - a potion of flight {unknown}
 x - a potion of berserk rage {unknown}
 C - a potion of mutation {unknown}
Books
 c - a book of Minor Magic

   Spells                             Type                      Level
   a - Magic Dart                     Conjuration                  1
   b - Blink                          Translocation                2
   c - Call Imp                       Summoning                    2
   d - Repel Missiles                 Charms/Air                   2
   e - Slow                           Hexes                        2
   f - Conjure Flame                  Conjuration/Fire             3
   g - Mephitic Cloud                 Conjuration/Poison/Air       3
 o - a book of Misfortune

   Spells                             Type                      Level
   a - Confusing Touch                Hexes                        1
   b - Confuse                        Hexes                        3
   c - Gell's Gravitas                Hexes/Translocation          3
   d - Petrify                        Transmutation/Earth          4
   e - Metabolic Englaciation         Hexes/Ice                    5
   f - Yara's Violent Unravelling     Hexes/Transmutation          5
 I - a book of Changes

   Spells                             Type                      Level
   a - Beastly Appendage              Transmutation                1
   b - Sticks to Snakes               Transmutation                2
   c - Spider Form                    Transmutation/Poison         3
   d - Ice Form                       Ice/Transmutation            4
   e - Blade Hands                    Transmutation                5
Comestibles
 d - 4 bread rations
 f - 3 fruits
 s - a royal jelly


   Skills:
 + Level 1.9 Fighting
 + Level 5.1 Dodging
 + Level 4.8 Stealth
 * Level 7.6 Spellcasting
 + Level 3.7 Conjurations
 * Level 5.3 Hexes
 + Level 2.8 Charms
 - Level 1.1 Summonings
 - Level 1.1 Translocations
 + Level 2.2 Ice Magic
 + Level 2.7 Evocations


You had 2 spell levels left.
You knew the following spells:

 Your Spells              Type           Power        Failure   Level  Hunger
a - Magic Dart            Conj           ####         1%          1    None
b - Call Imp              Summ           ###.....     6%          2    None
c - Blink                 Tloc           N/A          6%          2    None
d - Repel Missiles        Chrm/Air       ###...       6%          2    None
e - Mephitic Cloud        Conj/Pois/Air  ###.....     12%         3    None
f - Metabolic Englaciati  Hex/Ice        ####......   38%         5    #####..
h - Confuse               Hex            #####...     1%          3    None
n - Sticks to Snakes      Tmut           #.......     12%         2    None


Dungeon Overview and Level Annotations

Branches:
Dungeon (6/15)
 Temple: D:4-7

Altars:

Shops:
D:4 [}*%   D:5 (%:

Annotations:
D:6 Blork the orc


Message History

The centaur shoots an arrow.
The arrow is repelled.
You feel less protected from missiles.
An ogre comes into view. It is wielding a giant spiked club.
The centaur unwields an uncursed shortbow.
The centaur hits you but does no damage.
The centaur hits you but does no damage.
The centaur wields an uncursed shortbow.
The centaur shoots an arrow.
The arrow closely misses you.
Blink to where?
Press: ? - help, Dir - move target cursor, p - centaur
As you read the scroll of blinking, it crumbles to dust.
A centaur comes into view.
The centaur shouts!
The centaur wields a shortbow.
The centaur shoots an arrow.
The arrow hits you!
* * * LOW HITPOINT WARNING * * *
You see here an arrow.
The bullfrog gives a loud, deep croak!
Okay, then.
The centaur shoots an arrow.
The arrow hits you!
You die...

###............##
....c...........#
#...F..........#
#..............#
#..............#
#........(.....#
#...$........##
...#####.(.......(.##
..$....@.#.#########
....#####..# # #..##
##/### ###.(..#
#...c..# #####..#
#####.(..h#
###......Z(.#


You could see a bullfrog and a centaur.

Vanquished Creatures
  A necrophage (D:4)
  2 centaurs
  7 scorpions
  2 crimson imps
  A jelly (D:5)
  A quasit (D:4)
  An orc wizard (D:5)
  An orc priest (D:5)
  A bullfrog skeleton (D:5)
  3 iguanas
  4 worker ants
  16 adders
  2 gnolls (D:4)
  An ooze (D:2)
  An adder skeleton (D:5)
  A worm (D:4)
  A dart slug (D:3)
  3 leopard geckos
  12 orcs
  3 giant cockroaches
  13 goblins
  11 hobgoblins
  14 jackals
  3 quokkas
  A ball python (D:3)
  13 bats
  3 frilled lizards
  5 kobolds
  A leopard gecko skeleton (D:4)
  11 rats
  A fungus (D:5)
140 creatures vanquished.

Vanquished Creatures (collateral kills)
  A centaur (D:5)
  Robin (D:4)
  2 gnolls (D:4)
  An ooze (D:1)
  5 goblins (D:4)
  A hobgoblin (D:1)
  A jackal (D:6)
12 creatures vanquished.

Vanquished Creatures (others)
  12 fungi (D:5)
12 creatures vanquished.

Grand Total: 164 creatures vanquished

Notes
Turn   | Place    | Note
-------+----------+-------------------------------------------
     0 | D:1      | Mefis the Deep Elf Wizard began the quest for the Orb.
     0 | D:1      | Reached XP level 1. HP: 10/10 MP: 7/7
   251 | D:1      | Reached XP level 2. HP: 15/15 MP: 5/9
   255 | D:1      | Learned a level 2 spell: Call Imp
   258 | D:1      | Learned a level 2 spell: Blink
   261 | D:1      | Learned a level 2 spell: Repel Missiles
   350 | D:1      | Reached skill level 5 in Spellcasting
  1085 | D:1      | Reached XP level 3. HP: 19/19 MP: 6/11
  1153 | D:1      | Learned a level 3 spell: Mephitic Cloud
  1835 | D:2      | Reached XP level 4. HP: 23/24 MP: 4/13
  1841 | D:2      | Learned a level 3 spell: Confuse
  2614 | D:3      | Reached skill level 1 in Hexes
  2903 | D:3      | Reached skill level 6 in Spellcasting
  3194 | D:3      | Reached XP level 5. HP: 28/28 MP: 11/15
  3496 | D:4      | Found Inischyn's Gadget Shoppe.
  3562 | D:4      | Found Tyth's Assorted Antiques.
  3575 | D:4      | Bought a serpentine zirconium amulet for 120 gold pieces
  3576 | D:4      | Identified the amulet of Xutybbof {Faith rN+ MR+} (You bought it in a shop on level 4 of the Dungeon)
  3786 | D:4      | Noticed Robin
  3808 | D:4      | Killed Robin
  4056 | D:4      | Found Ipsuammi's Food Shop.
  4194 | D:4      | Found Soz Vische's Armour Shop.
  4340 | D:4      | Reached XP level 6. HP: 32/32 MP: 6/17
  4599 | D:4      | Learned a level 5 spell: Metabolic Englaciation
  4779 | D:5      | Entered Level 5 of the Dungeon
  4789 | D:4      | Reached skill level 1 in Charms
  5109 | D:5      | Reached skill level 1 in Evocations
  5453 | D:5      | Reached XP level 7. HP: 37/37 MP: 7/19
  5698 | D:4      | Reached skill level 1 in Fighting
  5698 | D:4      | Reached skill level 1 in Ice Magic
  5819 | D:5      | Found Eniy's Antique Weapon Shop.
  5939 | D:5      | Found Duasemen's Food Shoppe.
  6393 | D:5      | Found Alibowu's Book Boutique.
  6629 | D:5      | Reached skill level 5 in Dodging
  6629 | D:5      | Reached skill level 7 in Spellcasting
  7419 | D:5      | Reached XP level 8. HP: 43/43 MP: 15/20
  7667 | D:5      | Reached skill level 5 in Hexes
  8012 | D:6      | Learned a level 2 spell: Sticks to Snakes
  8027 | D:6      | Noticed Blork the orc
  8228 | D:6      | Shot with an arrow by a centaur

Skill      XL: |  1  2  3  4  5  6  7  8 |
---------------+-------------------------+-----
Spellcasting   | 5 6 7 |  7.6
Stealth        | 3 4 |  4.8
Dodging        | 3 4 5 |  5.1
Conjurations   | 2 3 |  3.7
Hexes          | 1 2 3 4 5 |  5.3
Charms         | 1 2 |  2.8
Evocations     | 1 2 |  2.7
Fighting       | 1 |  1.9
Ice Magic      | 1 2 |  2.2
Summonings     | |  1.1
Translocations | |  1.1

Action                   |  1- 3 |  4- 6 |  7- 9 || total
-------------------------+-------+-------+-------++-------
Melee: Dagger            |     7 |     1 |       ||     8
       Short sword       |       |     1 |     3 ||     4
       Mace              |       |       |    29 ||    29
 Fire: Shortbow          |       |       |     4 ||     4
 Cast: Magic Dart        |   100 |   204 |   193 ||   497
       Call Imp          |     2 |     7 |     6 ||    15
       Repel Missiles    |     1 |     1 |       ||     2
       Mephitic Cloud    |       |    10 |    11 ||    21
       Confuse           |       |     5 |    10 ||    15
       Blink             |       |     2 |     8 ||    10
       Sticks to Snakes  |       |       |    10 ||    10
  Use: Scroll            |       |     7 |     3 ||    10
 Stab: Sleeping          |     1 |     1 |       ||     2
  Eat: Chunk             |    11 |     7 |     1 ||    19
       Meat ration       |       |       |     1 ||     1
Armor: Robe              |     1 |    12 |    14 ||    27
Dodge: Dodged            |    21 |    25 |    63 ||   109
       Deflected         |       |     2 |     2 ||     4
